 Dungeon Crawl Stone Soup version 0.28-a0-128-gcbb86046cc (webtiles) character file.

Game seed: 9322647537209296502

206 Spaninq the Chopper (level 5, 0/55 HPs)
             Began as an Ogre Warper on Aug 15, 2021.
             Was an Initiate of Hepliaklqana.
             Slain by an ogre (11 damage)
             ... on level 4 of the Dungeon.
             The game lasted 00:09:31 (5265 turns).

Spaninq the Chopper (Ogre Warper)                   Turns: 5265, Time: 00:09:31

Health: 0/55       AC:  5    Str: 16    XL:     5   Next: 84%
Magic:  8/8        EV:  9    Int: 14    God:    Hepliaklqana [......]
Gold:   132        SH:  0    Dex:  8    Spells: 6/8 levels left

rFire   . . .      SeeInvis .   a - +1 hand axe
rCold   . . .      Faith    .   (no shield)
rNeg    . . .      Spirit   .   b - +0 robe
rPois   .          Reflect  .   (helmet restricted)
rElec   .          Harm     .   h - +1 cloak
rCorr   .          Rampage  .   (gloves unavailable)
Will    .....                   (boots unavailable)
Stlth   +.........              (no amulet)
HPRegen 0.18/turn               (no ring)
MPRegen 0.11/turn               (no ring)

@: no status effects
A: large, unfitting armour, tough skin 1
a: Renounce Religion


You were on level 4 of the Dungeon.
You worshipped Hepliaklqana.
Hepliaklqana was noncommittal.
You visited 1 branch of the dungeon, and saw 4 of its levels.

You collected 132 gold pieces.

Inventory:

Hand Weapons
 a - a +1 hand axe (weapon)
Missiles
 d - 5 boomerangs of dispersal (quivered)
 e - 3 silver javelins
 l - 2 throwing nets
Armour
 b - a +0 robe (worn)
 h - a +1 cloak (worn)
Scrolls
 c - a scroll of blinking
 i - a scroll of teleportation
 k - a scroll of fear
Potions
 j - a potion of haste
 m - a potion of invisibility


   Skills:
 + Level 4.9 Fighting
 * Level 4.9 Axes
 - Level 1.0 Throwing
 - Level 2.1 Dodging
 - Level 2.4 Spellcasting
 - Level 2.6 Translocations


You had 6 spell levels left.
You knew the following spells:

 Your Spells              Type           Power      Damage    Failure   Level
a - Blink                 Tloc           N/A        N/A       12%         2

Your spell library contained the following spells:

 Spells                   Type           Power      Damage    Failure   Level
 Gell's Gravitas          Tloc           4%         N/A       22%         3
 Lesser Beckoning         Tloc           4%         N/A       22%         3
 Teleport Other           Tloc           9%         N/A       22%         3
 Manifold Assault         Tloc           9%         N/A       91%         5


Dungeon Overview and Level Annotations

Branches:
Dungeon (4/15)
 Temple: D:4-7

Altars:
Dithmenos
Hepliaklqana
Makhleb
Ru

Annotations:
D:2 1 runed translucent door, Crazy Yiuf, Terence


Innate Abilities, Weirdness & Mutations

You are too large for most types of armour.
You have tough skin. (AC +1)


Message History

The orc is severely wounded.
The endoplasm jiggles.
The orc hits you with a +0 whip.
You hit the orc.
You kill the orc!
You hit the orc.
The orc is moderately wounded.
The orc barely misses you.
You barely miss the orc.
The orc is moderately wounded.
The orc hits you but does no damage.
You hit the orc but do no damage.
The orc is moderately wounded.
The orc barely misses you.
You hit the orc.
The orc is heavily wounded.
The orc hits you with a +3 short sword.
You hit the orc.
You kill the orc!
You hit the ogre but do no damage. The ogre hits you with a +0 giant club!
You hit the ogre but do no damage. The ogre hits you with a +0 giant club.
You slash the ogre!
The ogre is moderately wounded.
The ogre hits you with a +0 giant club.
You hit the ogre.
The ogre is heavily wounded.
You hit the ogre.
The ogre is heavily wounded.
The ogre closely misses you.
You barely miss the ogre.
The ogre is heavily wounded.
The ogre completely misses you.
You hit the ogre.
The ogre is almost dead.
The ogre hits you with a +0 giant club!!
* * * LOW HITPOINT WARNING * * *
You barely miss the ogre.
The ogre is almost dead.
The ogre hits you with a +0 giant club!
You die...

.....................#
#................#....
###....#........#....
#....###......# .#
##....#.##.......
#................
.##.......##..##..
........####..#
.........#..#@#
.[.........JO.#
#....####..##.# .
##...###..##...# ..
.....#...## #.## .#.
.... ##.####..# ....
... ##..#.##.......
#....o.##......
.......#...J)......


You could see an ogre and an endoplasm.

Vanquished Creatures
  Jessica (D:3)
  Robin (D:1)
  4 adders
  A howler monkey skeleton (D:4)
  2 gnolls
  A worm (D:2)
  3 dart slugs
  3 orcs (D:4)
  6 bats
  7 endoplasms
  A giant cockroach (D:1)
  5 hobgoblins
  12 jackals
  6 quokkas
  7 ball pythons
  2 frilled lizards (D:1)
  12 goblins
  A jackal skeleton (D:4)
  9 kobolds
  3 rats
87 creatures vanquished.

Notes
Turn   | Place    | Note
-------+----------+-------------------------------------------
     0 | D:1      | Spaninq the Ogre Warper began the quest for the Orb.
     0 | D:1      | Reached XP level 1. HP: 22/22 MP: 3/3
   221 | D:1      | Reached XP level 2. HP: 15/31 MP: 5/5
   787 | D:1      | Learned a level 2 spell: Blink
   995 | D:1      | Reached XP level 3. HP: 37/37 MP: 6/6
  2069 | D:2      | Noticed Robin
  2166 | D:1      | Killed Robin
  2167 | D:1      | Reached XP level 4. HP: 23/48 MP: 7/7
  3266 | D:2      | Found a runed translucent door.
  3267 | D:2      | Noticed Crazy Yiuf
  3544 | D:2      | Noticed Terence
  3712 | D:3      | Found a hazy altar of Hepliaklqana.
  3723 | D:3      | Became a worshipper of Hepliaklqana the Forgotten
  3899 | D:3      | Reached XP level 5. HP: 48/55 MP: 8/8
  3905 | D:3      | Found a burning altar of Makhleb.
  4097 | D:3      | Noticed Jessica
  4109 | D:3      | Killed Jessica
  4952 | D:4      | Found a shadowy altar of Dithmenos.
  4953 | D:4      | Found a sacrificial altar of Ru.
  5233 | D:4      | Noticed an ogre
  5265 | D:4      | Slain by an ogre

Illustrated notes

Levels and vault maps discovered:
D:1:      dpeg_arrival_renting, layout_loops_corners
D:2:      layout_basic, uniq_terence, uniq_crazy_yiuf_cottage, uniq_robin
D:3:      layout_basic, nicolae_overflow_hidden_temple,
          mainiacjoe_overflow_paths, kennysheep_jessica_study
D:4:      layout_cave_pools, chequers_temple_overflow_statue_of_worship,
          gammafunk_ghost_nasty_kobolds

Skill      XL: |  1  2  3  4 |
---------------+-------------+-----
Fighting       | 3 4 |  4.9
Axes           | 3 4 |  4.9
Throwing       | |  1.0
Dodging        | |  2.1
Spellcasting   | |  2.4
Translocations | |  2.6

Action                   |  1- 3 |  4- 6 || total
-------------------------+-------+-------++-------
Melee: Hand axe          |   166 |   182 ||   348
  Use: Scroll            |       |     8 ||     8
Armor: Robe              |    77 |    59 ||   136
Dodge: Dodged            |    75 |    85 ||   160

Table legend: (Time is in decaauts)
 A = Elapsed time spent in this place.
 B = Non-inter-level travel time spent in this place.
 C = Inter-level travel time spent in this place.
 D = Time resting spent in this place.
 E = Time spent auto-exploring this place.
 F = Levels seen in this place.
 G = Mean time per level.
                   A        B        C        D        E       F      G
               +--------+--------+--------+--------+--------+-----+--------+
         Total |   5313 |   5253 |     60 |    754 |   3462 |   4 | 1328.2 |
       Dungeon |   5313 |   5253 |     60 |    754 |   3462 |   4 | 1328.2 |
               +--------+--------+--------+--------+--------+-----+--------+

Top non-repeatable levels by time:
     D:1: 2293 daAuts
     D:2: 1483 daAuts
     D:3: 1373 daAuts
     D:4: 162 daAuts
